 Dungeon Crawl Stone Soup version 0.18-a0-20-gaede791 (webtiles) character file.

38 Eptagon the Sneak (level 3, 0/16 HPs)
             Began as a Vine Stalker Enchanter on Nov 2, 2015.
             Slain by a quokka (3 damage)
             ... on level 2 of the Dungeon.
             The game lasted 00:02:54 (840 turns).

Eptagon the Sneak (Vine Stalker Enchanter)           Turns: 840, Time: 00:02:54

Health: 0/16       AC:  3    Str: 10    XL:     3   Next: 43%
Magic:  0/7        EV: 12    Int: 15    God:
Gold:   86         SH:  0    Dex: 15    Spells: 3 memorised, 1 level left

rFire  . . .     SeeInvis .     a - +1 dagger
rCold  . . .     Clarity  .     b - +1 robe
rNeg   . . .     SustAt   .     (no shield)
rPois  .         Gourm    .     (no helmet)
rElec  .         Spirit   +     (no cloak)
rCorr  .         Warding  .     (no gloves)
rMut   .         Stasis   .     (no boots)
MR     +....                    (no amulet)
Stlth  ++++......               k - ring of protection from magic
                                h - ring of stealth

@: somewhat resistant to hostile enchantments, stealthy
A: fangs 2, regeneration 1, magic shield, antimagic bite, no device heal 3, rot
immunity
a: no special abilities


You were on level 2 of the Dungeon.
You were not hungry.

You visited 1 branch of the dungeon, and saw 2 of its levels.

You collected 86 gold pieces.

Inventory:

Hand Weapons
 a - a +1 dagger (weapon)
Armour
 b - a +1 robe (worn)
Jewellery
 h - a ring of stealth (left hand)
 k - a ring of protection from magic (right hand)
Potions
 e - a potion of curing {unknown}
 l - a potion of degeneration {unknown}
 m - a potion of heal wounds {unknown}
Books
 c - a book of Maledictions

   Spells                             Type                      Level
   a - Corona                         Hexes                        1
   b - Ensorcelled Hibernation        Hexes/Ice                    2
   c - Confuse                        Hexes                        3
   d - Tukima's Dance                 Hexes                        3
   e - Dazzling Spray                 Conjuration/Hexes            3
Comestibles
 d - 2 bread rations
 f - a meat ration
 g - a chunk of flesh
 i - a slice of pizza
 j - 5 fruits


   Skills:
 - Level 0.8 Short Blades
 - Level 1.5 Dodging
 + Level 4.1 Stealth
 + Level 2.6 Spellcasting
 * Level 3.8 Hexes


You had one spell level left.
You knew the following spells:

 Your Spells              Type           Power        Failure   Level  Hunger
a - Ensorcelled Hibernat  Hex/Ice        #.....       14%         2    ###....
b - Corona                Hex            ##.....      4%          1    #......
c - Confuse               Hex            ##......     14%         3    ###....


Dungeon Overview and Level Annotations

Branches:
Dungeon (2/15)

Altars:


Innate Abilities, Weirdness & Mutations

You have extremely sharp teeth.
Your natural rate of healing is unusually fast.
When hurt, damage is shared between your health and your magic reserves.
Your bite disrupts and absorbs the magic of your enemies.
Potions and wands cannot restore your health.
You are immune to rotting.


Message History

You closely miss the quokka. Your bite misses the quokka.
The quokka barely misses you. The quokka bites you.
* * * LOW HITPOINT WARNING * * *
You barely miss the quokka. The quokka barely misses you. The quokka bites you.
* * * LOW HITPOINT WARNING * * *
The quokka bites you.
* * * LOW HITPOINT WARNING * * *
Press: ? - help, v - describe, . - travel
Here: a quokka The floor.
Casting: Ensorcelled Hibernation
Confirm with . or Enter, or press ? or * to list all spells.
Aiming: Ensorcelled Hibernation
Press: ? - help, Shift-Dir - straight line, f - quokka
Aim: a quokka (chance to defeat MR: 78%)
The quokka resists with significant effort.
The quokka closely misses you. The quokka bites you.
You die...

#.# #.#.##≈≈≈.≈≈≈# ##.##
####.#..'.).#...+
##...###....#..#≈≈≈.≈≈≈####
...#.....#######≈≈≈.≈≈≈#..##
##...###....#..##≈≈.≈≈####.#
##.## ####.#...###+#### #.#
###.# #.#.##.##....###.#
....# #...##.######...##
##### ######@# ##.##
#r#######.# #.l.......#
###.####..# #.# #..# #.#
#..# #.# ##>.#####. #.#
#.......... #.# #...#####..


You could see a giant gecko and a quokka.

Vanquished Creatures
  An ooze (D:1)
  3 giant geckos (D:1)
  4 bats (D:1)
  2 giant cockroaches
  4 goblins
  3 hobgoblins
  A giant newt (D:1)
  7 kobolds
  7 rats
32 creatures vanquished.

Notes
Turn   | Place    | Note
--------------------------------------------------------------
     0 | D:1      | Eptagon the Vine Stalker Enchanter began the quest for the Orb.
     0 | D:1      | Reached XP level 1. HP: 9/9 MP: 4/4
   106 | D:1      | Reached XP level 2. HP: 7/13 MP: 1/6
   268 | D:1      | Learned a level 2 spell: Ensorcelled Hibernation
   345 | D:1      | Reached skill level 4 in Stealth
   383 | D:1      | Reached XP level 3. HP: 12/16 MP: 5/7
   590 | D:2      | Learned a level 3 spell: Confuse
   840 | D:2      | Slain by a quokka

Vault maps used:
D:1:      dpeg_arrival_windows_large_door
D:2:      gammafunk_temple_overflow_statue, ecumenical_altar_2,
          kennysheep_flooded_box, uniq_robin

Action                   || total
-------------------------++-------
Melee: Dagger            ||   112
 Cast: Corona            ||     1
       Ensorcelled Hiber ||     3
  Use: Scroll            ||     2
 Stab: Sleeping          ||     7
